MAA
PORTSMOUTH COASTIES @ ELLENBURG FIGHTING DACHSHUNDS
07/20/2019
 
TOP OF THE 1ST
Portsmouth Coasties batting - Pitching for Ellenburg Fighting Dachshunds : RHP Andrew Hayes
Pitching: RHP Andrew Hayes
Batting: RHB José Villegas 0-0: Swinging Strike
0-1: Foul Ball, location: 2F
0-2: Foul Ball, location: 2F
0-2: Ground out 4-3 (Groundball, 4)
Batting: LHB José Rodríguez 0-0: SINGLE (Groundball, 6MD)
Batting: RHB José Masaferro 0-0: Swinging Strike
0-1: Ball
1-1: Ball
2-1: Ground out 3-1 (Groundball, 34)
José Rodríguez to second
Batting: RHB Ángel López 0-0: Foul Ball, location: 2F
0-1: Ground out 6-3 (Groundball, 6)
Top of the 1st over - 0 run(s), 1 hit(s), 0 error(s), 1 left on base; Portsmouth 0 - Ellenburg 0
BOTTOM OF THE 1ST
Ellenburg Fighting Dachshunds batting - Pitching for Portsmouth Coasties : RHP David Davis
Pitching: RHP David Davis
Batting: RHB Jesús López 0-0: Ball
1-0: Ball
2-0: Swinging Strike
2-1: Ball
3-1: Foul Ball, location: 2F
3-2: Foul Ball, location: 2F
3-2: Foul Ball, location: 2F
3-2: Base on Balls
Batting: LHB Ramón Hernández 0-0: Ball
1-0: Foul Ball, location: 2F
1-1: Called Strike
Jesús López steals 2nd base
1-2: Foul Ball, location: 2F
1-2: Ball
2-2: Ball
3-2: Fly out, F7 (Flyball, 7M)
Batting: LHB Ismael Cabrera 0-0: Called Strike
0-1: Foul Ball, location: 2F
0-2: Ball
1-2: Strikes out swinging
Batting: RHB Travis Lee 0-0: Ground out 1-3 (Groundball, 15S)
Bottom of the 1st over - 0 run(s), 0 hit(s), 0 error(s), 1 left on base; Portsmouth 0 - Ellenburg 0
TOP OF THE 2ND
Portsmouth Coasties batting - Pitching for Ellenburg Fighting Dachshunds : RHP Andrew Hayes
Batting: LHB Pedro Rodríguez 0-0: Called Strike
0-1: Ball
1-1: Foul Ball, location: 2F
1-2: Ball
2-2: Ball
3-2: Strikes out swinging
Batting: RHB Ángel Ruezga 0-0: Called Strike
0-1: Ball
1-1: Called Strike
1-2: Strikes out swinging
Batting: SHB Jim Bunker 0-0: Ball
1-0: Foul Ball, location: 2F
1-1: Ball
2-1: Ball
3-1: Called Strike
3-2: SINGLE (Flyball, 7S)
Batting: RHB Dave Davis 0-0: Foul Ball, location: 2F
0-1: Foul Ball, location: 2F
0-2: Ball
1-2: Strikes out swinging
Top of the 2nd over - 0 run(s), 1 hit(s), 0 error(s), 1 left on base; Portsmouth 0 - Ellenburg 0
BOTTOM OF THE 2ND
Ellenburg Fighting Dachshunds batting - Pitching for Portsmouth Coasties : RHP David Davis
Batting: RHB Isaac Downey 0-0: Called Strike
0-1: Fly out, F8 (Flyball, 8RM)
Batting: RHB Eddie Davis 0-0: Swinging Strike
0-1: Ball
1-1: Ball
2-1: Swinging Strike
2-2: Ball
3-2: Foul Ball, location: 2F
3-2: Strikes out swinging
Batting: RHB Cole McKnight 0-0: Called Strike
0-1: Ball
1-1: Called Strike
1-2: Strikes out looking
Bottom of the 2nd over - 0 run(s), 0 hit(s), 0 error(s), 0 left on base; Portsmouth 0 - Ellenburg 0
TOP OF THE 3RD
Portsmouth Coasties batting - Pitching for Ellenburg Fighting Dachshunds : RHP Andrew Hayes
Batting: RHB John Aston 0-0: Called Strike
0-1: Ball
1-1: Hit by Pitch
Batting: RHB José Villegas 0-0: Fly out, F7 (Flyball, 78M)
Batting: LHB José Rodríguez 0-0: Called Strike
0-1: Called Strike
0-2: Foul Ball, location: 2F
0-2: Strikes out swinging
Batting: RHB José Masaferro 0-0: Ball
1-0: SINGLE (Line Drive, 8RM)
John Aston to second
Batting: RHB Ángel López 0-0: Called Strike
0-1: Swinging Strike
0-2: Ball
1-2: Foul Ball, location: 2F
1-2: Ball
2-2: Strikes out swinging
Top of the 3rd over - 0 run(s), 1 hit(s), 0 error(s), 2 left on base; Portsmouth 0 - Ellenburg 0
BOTTOM OF THE 3RD
Ellenburg Fighting Dachshunds batting - Pitching for Portsmouth Coasties : RHP David Davis
Batting: RHB Manuel Herrera 0-0: Swinging Strike
0-1: Ground out 4-3 (Groundball, 4)
Batting: LHB Alan Hardy 0-0: Ground out 4-3 (Groundball, 34)
Batting: RHB Jesús López 0-0: Called Strike
0-1: Ball
1-1: Called Strike
1-2: Strikes out swinging
Bottom of the 3rd over - 0 run(s), 0 hit(s), 0 error(s), 0 left on base; Portsmouth 0 - Ellenburg 0
TOP OF THE 4TH
Portsmouth Coasties batting - Pitching for Ellenburg Fighting Dachshunds : RHP Andrew Hayes
Batting: LHB Pedro Rodríguez 0-0: Fly out, F6 (Popup, 5DF)
Batting: RHB Ángel Ruezga 0-0: Fly out, F8 (Flyball, 8LM)
Batting: SHB Jim Bunker 0-0: Foul Ball, location: 2F
0-1: Ground out 5-3 (Groundball, 15S)
Top of the 4th over - 0 run(s), 0 hit(s), 0 error(s), 0 left on base; Portsmouth 0 - Ellenburg 0
BOTTOM OF THE 4TH
Ellenburg Fighting Dachshunds batting - Pitching for Portsmouth Coasties : RHP David Davis
Batting: LHB Ramón Hernández 0-0: Ball
1-0: Ball
2-0: Foul Ball, location: 2F
2-1: Ground out 6-3 (Groundball, 6M)
Batting: LHB Ismael Cabrera 0-0: Fly out, F8 (Flyball, 8RXD)
Batting: RHB Travis Lee 0-0: Ground out 5-3 (Groundball, 56)
Bottom of the 4th over - 0 run(s), 0 hit(s), 0 error(s), 0 left on base; Portsmouth 0 - Ellenburg 0
TOP OF THE 5TH
Portsmouth Coasties batting - Pitching for Ellenburg Fighting Dachshunds : RHP Andrew Hayes
Batting: RHB Dave Davis 0-0: Ball
1-0: Fly out, F8 (Line Drive, 8RS)
Batting: RHB John Aston 0-0: Called Strike
0-1: Ball
1-1: Ball
2-1: Ball
3-1: Foul Ball, location: 2F
3-2: Ground out 6-3 (Groundball, 6M)
Batting: RHB José Villegas 0-0: Called Strike
0-1: Ball
1-1: Fly out, F3 (Popup, 3L)
Top of the 5th over - 0 run(s), 0 hit(s), 0 error(s), 0 left on base; Portsmouth 0 - Ellenburg 0
BOTTOM OF THE 5TH
Ellenburg Fighting Dachshunds batting - Pitching for Portsmouth Coasties : RHP David Davis
Batting: RHB Isaac Downey 0-0: Called Strike
0-1: Called Strike
0-2: Ball
1-2: Strikes out swinging
Batting: RHB Eddie Davis 0-0: Ball
1-0: Foul Ball, location: 2F
1-1: Ball
2-1: Ball
3-1: Ground out 5-3 (Groundball, 5L)
Batting: RHB Cole McKnight 0-0: SOLO HOME RUN (Flyball, 7D), Distance : 419 ft
Batting: RHB Manuel Herrera 0-0: Foul Ball, location: 2F
0-1: Called Strike
0-2: Ball
1-2: Strikes out swinging
Bottom of the 5th over - 1 run(s), 1 hit(s), 0 error(s), 0 left on base; Portsmouth 0 - Ellenburg 1
TOP OF THE 6TH
Portsmouth Coasties batting - Pitching for Ellenburg Fighting Dachshunds : RHP Andrew Hayes
Batting: LHB José Rodríguez 0-0: Ball
1-0: Called Strike
1-1: Swinging Strike
1-2: Strikes out swinging
Batting: RHB José Masaferro 0-0: Called Strike
0-1: Called Strike
0-2: Ball
1-2: Foul Ball, location: 2F
1-2: Ball
2-2: Ball
3-2: Base on Balls
Batting: RHB Ángel López 0-0: Ball
1-0: Called Strike
1-1: Ball
2-1: Foul Ball, location: 2F
2-2: Foul Ball, location: 2F
2-2: Fly out, F9 (Line Drive, 9M)
Batting: LHB Pedro Rodríguez 0-0: Ball
1-0: Ball
2-0: Foul Ball, location: 2F
2-1: Swinging Strike
2-2: Foul Ball, location: 2F
2-2: Ground out U3 (Groundball, 3S)
Top of the 6th over - 0 run(s), 0 hit(s), 0 error(s), 1 left on base; Portsmouth 0 - Ellenburg 1
BOTTOM OF THE 6TH
Ellenburg Fighting Dachshunds batting - Pitching for Portsmouth Coasties : RHP David Davis
Batting: LHB Alan Hardy 0-0: Fly out, F9 (Flyball, 9M)
Batting: RHB Jesús López 0-0: Ball
1-0: Called Strike
1-1: Ball
2-1: Foul Ball, location: 2F
2-2: Foul Ball, location: 2F
2-2: Ball
3-2: Foul Ball, location: 2F
3-2: Strikes out looking
Batting: LHB Ramón Hernández 0-0: Ball
1-0: Foul Ball, location: 2F
1-1: Ball
2-1: Ball
3-1: Fly out, F7 (Flyball, 7S)
Bottom of the 6th over - 0 run(s), 0 hit(s), 0 error(s), 0 left on base; Portsmouth 0 - Ellenburg 1
TOP OF THE 7TH
Portsmouth Coasties batting - Pitching for Ellenburg Fighting Dachshunds : RHP Andrew Hayes
Batting: RHB Ángel Ruezga 0-0: Swinging Strike
0-1: Foul Ball, location: 2F
0-2: Strikes out looking
Batting: SHB Jim Bunker 0-0: Swinging Strike
0-1: Ground out 4-3 (Groundball, 34)
Batting: RHB Dave Davis 0-0: Ball
1-0: Fly out, F3 (Popup, 3F)
Top of the 7th over - 0 run(s), 0 hit(s), 0 error(s), 0 left on base; Portsmouth 0 - Ellenburg 1
BOTTOM OF THE 7TH
Ellenburg Fighting Dachshunds batting - Pitching for Portsmouth Coasties : RHP David Davis
Batting: LHB Ismael Cabrera 0-0: Ball
1-0: Ball
2-0: Called Strike
2-1: Ball
3-1: Ground out U3 (Groundball, 3)
Batting: RHB Travis Lee 0-0: Ball
1-0: Called Strike
1-1: Ball
2-1: Foul Ball, location: 2F
2-2: Ground out U3 (Groundball, 3S)
Batting: RHB Isaac Downey 0-0: Ball
1-0: Called Strike
1-1: Called Strike
1-2: Strikes out looking
Bottom of the 7th over - 0 run(s), 0 hit(s), 0 error(s), 0 left on base; Portsmouth 0 - Ellenburg 1
TOP OF THE 8TH
Portsmouth Coasties batting - Pitching for Ellenburg Fighting Dachshunds : RHP Andrew Hayes
Now at C: Tim Martínez
Batting: RHB John Aston 0-0: Called Strike
0-1: Swinging Strike
0-2: Ball
1-2: Strikes out swinging passed ball, reaches first!
Batting: RHB José Villegas 0-0: Bunt missed!
0-1: Sac Bunt - play at first, batter OUT! 3-4
John Aston to second
Pinch Hitting: LHB Jim Unknown 0-0: Ball
1-0: Foul Ball, location: 2F
1-1: Foul Ball, location: 2F
1-2: Foul Ball, location: 2F
1-2: Ball
2-2: Foul Ball, location: 2F
2-2: Strikes out swinging
Pitching: RHP Ken Snyder
Batting: RHB José Masaferro 0-0: Swinging Strike
0-1: Fly out, F3 (Popup, 3SF)
Top of the 8th over - 0 run(s), 0 hit(s), 0 error(s), 1 left on base; Portsmouth 0 - Ellenburg 1
BOTTOM OF THE 8TH
Ellenburg Fighting Dachshunds batting - Pitching for Portsmouth Coasties : RHP David Davis
Now at 1B: Jim Unknown
Batting: RHB Eddie Davis 0-0: Foul Ball, location: 2F
0-1: Ground out U3 (Groundball, 3)
Batting: RHB Tim Martínez 0-0: Ball
1-0: DOUBLE (Line Drive, 5L)
Batting: RHB Manuel Herrera 0-0: Ball
1-0: Ball
2-0: Ball
3-0: Called Strike
3-1: Called Strike
3-2: Ground out 1-3 (Groundball, 15S)
Pinch Hitting: LHB Joe McElroy 0-0: Called Strike
0-1: Foul Ball, location: 2F
0-2: Ball
1-2: Strikes out swinging
Bottom of the 8th over - 0 run(s), 1 hit(s), 0 error(s), 1 left on base; Portsmouth 0 - Ellenburg 1
TOP OF THE 9TH
Portsmouth Coasties batting - Pitching for Ellenburg Fighting Dachshunds : RHP Ken Snyder
Pitching: RHP Ed Stark
Now in LF: Joe McElroy
Batting: RHB Ángel López 0-0: Swinging Strike
0-1: Foul Ball, location: 2F
0-2: Strikes out looking
Pinch Hitting: LHB Travis Alexander 0-0: Ball
1-0: Ball
2-0: Called Strike
2-1: Ground out 4-3 (Groundball, 4)
Batting: RHB Ángel Ruezga 0-0: Called Strike
0-1: Swinging Strike
0-2: Ball
1-2: Ball
2-2: Ball
3-2: Base on Balls
Batting: SHB Jim Bunker 0-0: Ball
1-0: Ball
2-0: Called Strike
2-1: Ball
3-1: Base on Balls
Ángel Ruezga to second
Pinch Hitting: LHB Jim Unknown 0-0: Foul Ball, location: 2F
0-1: Ball
1-1: Foul Ball, location: 2F
1-2: Ball
2-2: Strikes out looking
Top of the 9th over - 0 run(s), 0 hit(s), 0 error(s), 2 left on base; Portsmouth 0 - Ellenburg 1
This league is powered by Out of the Park Baseball, the baseball management simulation game for PC, Mac and Linux
Saturday, July 25th, 2015 - OOTP Baseball 15.6 Build 34